 Dungeon Crawl Stone Soup version 0.22-a0-284-g99d1f7439c (webtiles) character file.

25 Manul the Skirmisher (level 2, -18/30 HPs)
             Began as a Draconian Wanderer on Mar 21, 2018.
             Demolished by a gnoll
             ... wielding a +0 halberd
              (20 damage)
             ... on level 2 of the Dungeon.
             The game lasted 00:01:19 (1101 turns).

Manul the Skirmisher (Draconian Wanderer)           Turns: 1101, Time: 00:01:20

Health: -18/30     AC:  4    Str: 15    XL:     2   Next: 82%
Magic:  2/2        EV: 11    Int:  9    God:
Gold:   144        SH:  0    Dex: 17    Spells: 1/1 levels left

rFire    . . .     SeeInvis .   a - +2 spear
rCold    . . .     Gourm    .   (no shield)
rNeg     + . .     Faith    .   (armour unavailable)
rPois    .         Spirit   .   (helmet restricted)
rElec    .         Reflect  .   (no cloak)
rCorr    .         Harm     .   (no gloves)
MR       .....                  (no boots)
Stlth    ++........             (no amulet)
HPRegen  0.10/turn              g - ring of positive energy
MPRegen  0.08/turn              l - +5 ring of dexterity

@: about to teleport
A: unfitting armour, cold-blooded, AC +4
a: no special abilities


You were on level 2 of the Dungeon.
You were not hungry.

You visited 1 branch of the dungeon, and saw 2 of its levels.

You collected 144 gold pieces.

Inventory:

Hand Weapons
 a - a +2 spear (weapon)
Missiles
 k - a throwing net (quivered)
Jewellery
 g - a ring of positive energy (left hand)
 l - a +5 ring of dexterity (right hand)
Scrolls
 f - a scroll of fear {unknown}
 i - a scroll of identify {unknown}
 j - 4 scrolls of remove curse {unknown}
Potions
 e - 2 potions of brilliance {unknown}
Comestibles
 d - 3 rations
 h - 2 chunks of flesh


   Skills:
 + Level 6.2 Fighting
 + Level 1.1 Polearms
 - Level 1.7 Throwing
 * Level 0.2 Dodging
 + Level 1.1 Stealth
 - Level 1.0 Unarmed Combat


You had one spell level left.
You didn't know any spells.

Dungeon Overview and Level Annotations

Branches:
Dungeon (2/15)

Altars:


Innate Abilities, Weirdness & Mutations

Your plain brown scales are hard. (AC +4)
You cannot fit into any form of body armour.
You are cold-blooded and may be slowed by cold attacks.


Message History

The gnoll hits you from afar with a halberd!
* * * LOW HITPOINT WARNING * * *
The jackal barks!
The jackal misses you.
The jackal bites you but does no damage.
The jackal closely misses you.
You feel better. The jackal bites you.
* * * LOW HITPOINT WARNING * * *
The jackal bites you but does no damage.
The gnoll barely misses you.
You hit the jackal.
You tail-slap the jackal, but do no damage.
You punch the jackal, but do no damage.
The jackal is heavily wounded.
The jackal bites you.
* * * LOW HITPOINT WARNING * * *
The jackal barely misses you. The jackal closely misses you.
The gnoll hits you from afar with a halberd!!
Ouch! That really hurt!
You die...

#......g...##...........
#..........##%.........#
#......S...##..........#
#..........##(...?h....#
#####..#######........##
#..# ##gg....$... .. .
#..# #.####.##.. #...
#..### ###g# .##.......
#....## #@h.# .#
#...#.#. ###...###h###
>.# #.....#.
#.#...#h###..# #...#.#.
#..#........# #...#...
##.#.....#### #...#...
#.#.....# #...#.#.
#.#.....# #######...#.
#.#.....# #.#.....##..
##.##.#######...######.#


You could see a gnoll and 3 jackals.

Vanquished Creatures
  An ooze (D:1)
  A dart slug (D:1)
  2 giant cockroaches
  2 hobgoblins
  A ball python (D:2)
  5 bats
  A frilled lizard (D:1)
  A goblin (D:1)
  6 rats
20 creatures vanquished.

Notes
Turn   | Place    | Note
-------+----------+-------------------------------------------
     0 | D:1      | Manul the Draconian Wanderer began the quest for the Orb.
     0 | D:1      | Manul set off with: a +2 spear, a scroll of teleportation, a potion of curing, a ration
     0 | D:1      | Reached XP level 1. HP: 23/23 MP: 1/1
   251 | D:1      | Reached XP level 2. HP: 30/30 MP: 2/2
   352 | D:1      | Reached skill level 6 in Fighting
  1101 | D:2      | Demolished by a gnoll

Vault maps used:
D:1:      sevenhm_arrival_forest_fort_small_5
D:2:      serial_glass, glass_columns_a, glass_columns_a

Skill      XL: |  1  2 |
---------------+-------+-----
Fighting       | 6 |  6.2
Polearms       | |  1.1
Throwing       | |  1.7
Dodging        | |  0.2
Stealth        | |  1.1
Unarmed Combat | |  1.0

Action                   || total
-------------------------++-------
Melee: Spear             ||    59
       Tailslap          ||     8
       Punch             ||     1
  Use: Potion            ||     2
       Scroll            ||     1
 Stab: Sleeping          ||     4
  Eat: Chunk             ||     1
Armor: Skin              ||    21
Dodge: Dodged            ||    36

Table legend:
 A = Spawn XP
 B = Non-spawn XP
 C = Spawn XP percentage of total XP
 D = Spawn monster count
 E = Non-spawn monster count
 F = Spawn count percentage of total count
 G = Total turns spent on level
                    A         B        C        D         E        F      G
               +---------+---------+-------+---------+---------+-------+---------
         Total |       0 |      36 |   0.0 |       0 |      20 |   0.0 |  1101
               +---------+---------+-------+---------+---------+-------+---------
           D:1 |       0 |      28 |   0.0 |       0 |      14 |   0.0 |   899
           D:2 |       0 |       8 |   0.0 |       0 |       6 |   0.0 |   202
               +---------+---------+-------+---------+---------+-------+---------
